 Dungeon Crawl Stone Soup version 0.29-a0-284-gf9362112df (webtiles) character file.

Game seed: 8531548169677589775

53 silky the Skirmisher (level 3, -5/34 HPs)
             Began as a Minotaur Chaos Knight on Mar 31, 2022.
             Was a Plaything of Xom.
             Killed by a magical explosion (15 damage)
             ... on level 2 of the Dungeon.
             The game lasted 00:03:34 (1386 turns).

silky the Skirmisher (Minotaur Chaos Knight)        Turns: 1386, Time: 00:03:35

Health: -5/34      AC:  5    Str: 16    XL:     3   Next: 62%
Magic:  2/2        EV: 11    Int:  9    God:    Xom [..*...]
Gold:   85         SH:  0    Dex:  9    Spells: 2/2 levels left

rFire   . . .      SeeInvis .   a - +0 mace (chaos)
rCold   . . .      Faith    .   (no shield)
rNeg    . . .      Spirit   .   b - +2 leather armour
rPois   .          Reflect  .   (helmet restricted)
rElec   .          Harm     .   (no cloak)
rCorr   .          Rampage  .   (no gloves)
Will    .....      Rnd*Tele +   (no boots)
Stlth   +.........              (no amulet)
HPRegen 0.11/turn               d - ring of wizardry
MPRegen 0.08/turn               (no ring)

@: heavily contaminated, glowing
A: horns 2, retaliatory headbutt, deterioration 1, teleportitis 1, weak 1,
subdued magic 1
a: Renounce Religion


You were on level 2 of the Dungeon.
You worshipped Xom.
You were a toy of Xom.
You visited 1 branch of the dungeon, and saw 2 of its levels.

You collected 85 gold pieces.

Inventory:

Hand Weapons
 a - a +0 mace of chaos (weapon)
Armour
 b - a +2 leather armour (worn)
 h - an orb of light
Jewellery
 d - a ring of wizardry (left hand)
Wands
 k - a wand of acid (5)
Scrolls
 e - a scroll of enchant weapon {unknown}
 i - 2 scrolls of identify {unknown}
 m - a scroll of fear {unknown}
Potions
 f - a potion of mutation {unknown}
 g - a potion of flight {unknown}
 j - a potion of curing {unknown}
 l - a potion of haste {unknown}
Miscellaneous
 c - a piece from Xom's chessboard (15/15) (quivered)


   Skills:
 + Level 4.4 Fighting
 + Level 4.3 Maces & Flails
 + Level 2.7 Armour
 + Level 2.1 Dodging
 + Level 0.1 Stealth


You had 2 spell levels left.
You didn't know any spells.
Your spell library was empty.

Dungeon Overview and Level Annotations

Branches:
Dungeon (2/15)

Altars:


Innate Abilities, Weirdness & Mutations

You have a pair of horns on your head.
You reflexively headbutt those who attack you in melee.
Your body sometimes deteriorates upon taking damage.
You are occasionally teleported next to monsters.
You are weak. (Str -2)
Your spells are a little easier to cast, but a little less powerful.


Message History

You feel weirdly uncertain.
Xom thinks this is hilarious!
You feel less contaminated with magical energies.
Really walk into that cloud of mutagenic fog?
You are engulfed in mutagenic fog.
The mutagenic energy flows into you.
You are heavily infused with residual magic.
The jackal is engulfed in mutagenic fog.
The jackal twists and deforms.
The jackal is engulfed in mutagenic fog.
The jackal twists and deforms.
You closely miss the jackal. Your headbutt misses the jackal.
You are engulfed in mutagenic fog.
The mutagenic energy flows into you.
The jackal is engulfed in mutagenic fog.
The jackal twists and deforms.
The jackal is engulfed in mutagenic fog.
The jackal twists and deforms.
The jackal bites you but does no damage.
The jackal is engulfed in mutagenic fog.
The jackal twists and deforms.
You thump the jackal!
You kill the jackal!
You are engulfed in mutagenic fog.
The mutagenic energy flows into you.
The jackal is engulfed in mutagenic fog.
The jackal misses you.
The jackal is engulfed in mutagenic fog.
The jackal twists and deforms.
The jackal bites you but does no damage.
You sock the jackal!
You kill the jackal!
You are engulfed in mutagenic fog.
The mutagenic energy flows into you.
Your body shudders with the violent release of wild energies!
The magical storm engulfs you!!
Ouch! That really hurt!
* * * LOW HITPOINT WARNING * * *
You feel weaker.
You start resting.
Your body shudders with the violent release of wild energies!
The magical storm engulfs you!
You die...
Xom chortles!

##......####........#
##...........#######
##.....###.## #.....#
#.# #..#.## #.#
#..#.# #.# #..#.# #.#
#..#.####.#########
........@..........
.......##....####
....... ###...#
......? ##..#######
....... #.........
....... #†.#######
....... #..# .......
#..#
......†#####..####


There were no monsters in sight!

Vanquished Creatures
  An adder (D:2)
  A worm (D:2)
  A dart slug (D:2)
  2 bats (D:1)
  2 giant cockroaches
  3 goblins
  4 hobgoblins
  3 jackals (D:2)
  A kobold (D:2)
  A quokka (D:1)
  5 ball pythons
  13 frilled lizards
  2 rats (D:1)
39 creatures vanquished.

Vanquished Creatures (others)
  7 plants (D:1)
7 creatures vanquished.

Grand Total: 46 creatures vanquished

Notes
Turn   | Place    | Note
-------+----------+-------------------------------------------
     0 | D:1      | silky the Minotaur Chaos Knight began the quest for the
                  | Orb.
     0 | D:1      | Reached XP level 1. HP: 19/19 MP: 0/0
   148 | D:1      | XOM: silly message
   294 | D:1      | Found a faded altar of an unknown god.
   308 | D:1      | Reached XP level 2. HP: 26/27 MP: 1/1
   910 | D:1      | XOM: silly message
   977 | D:1      | XOM is BORED!
   977 | D:1      | XOM: silly message
  1018 | D:1      | XOM: god gift: wand of acid (5)
  1110 | D:2      | Reached XP level 3. HP: 31/33 MP: 2/2
  1199 | D:2      | XOM: 3-stop teleportation journey
  1325 | D:2      | XOM: cloud trail
  1339 | D:2      | Gained mutation: Your spells are a little easier to cast,
                  | but a little less powerful. [mutagenic glow]
  1351 | D:2      | Gained mutation: Your body sometimes deteriorates upon
                  | taking damage. [mutagenic glow]
  1363 | D:2      | Gained mutation: You are occasionally teleported next to
                  | monsters. [mutagenic glow]
  1373 | D:2      | Gained mutation: You are weak. (Str -2) [mutagenic glow]
  1386 | D:2      | Killed by a magical explosion

Illustrated notes

Levels and vault maps discovered:
D:1:      minmay_arrival_cross, layout_basic, nicolae_ecumenical_snake_handling,
          minmay_lizard_king
D:2:      layout_loops_ring, basic_altar

Skill      XL: |  1  2  3 |
---------------+----------+-----
Maces & Flails | 4 |  4.3
Fighting       | 4 |  4.4
Dodging        | 2 |  2.1
Armour         | |  2.7
Stealth        | |  0.1

Action                   || total
-------------------------++-------
Melee: Mace              ||    82
       Headbutt          ||     5
Armor: Leather armour    ||    38
Dodge: Dodged            ||    44

Table legend: (Time is in decaauts)
 A = Elapsed time spent in this place.
 B = Non-inter-level travel time spent in this place.
 C = Inter-level travel time spent in this place.
 D = Time resting spent in this place.
 E = Time spent auto-exploring this place.
 F = Levels seen in this place.
 G = Mean time per level.
                   A        B        C        D        E       F      G
               +--------+--------+--------+--------+--------+-----+--------+
         Total |   1401 |   1355 |     46 |     10 |   1000 |   2 |  700.5 |
       Dungeon |   1401 |   1355 |     46 |     10 |   1000 |   2 |  700.5 |
               +--------+--------+--------+--------+--------+-----+--------+

Top non-repeatable levels by time:
     D:1: 1091 daAuts
     D:2: 310 daAuts
